 Dungeon Crawl Stone Soup version 0.31-a0-152-g6aa68a64a1 (webtiles) character file.

Game seed: 10071236729479760358

2245 qw the Skirmisher (level 9, 0/55 HPs)
             Began as a Gargoyle Hunter on June 10, 2023.
             Was a Follower of Okawaru.
             Slain by a red ugly thing (18 damage)
             ... on level 7 of the Dungeon.
             The game lasted 00:02:19 (5398 turns).

qw the Skirmisher (Gargoyle Hunter)                 Turns: 5398, Time: 00:02:19

Health: 0/55       AC: 17    Str: 16    XL:     9   Next: 37%
Magic:  8/10       EV: 20    Int: 12    God:    Okawaru [*.....]
Gold:   279        SH:  0    Dex: 29    Spells: 8/8 levels left

rFire   . . .        Y - +0 orcbow
rCold   . . .        (shield currently unavailable)
rNeg    + . .        i - +0 ring mail
rPois   inf          (no helmet)
rElec   +            (no cloak)
rCorr   .            d - +2 pair of gloves
SInv    .            o - +0 pair of boots
Will    .....        (no amulet)
Stlth   +++          h - +6 ring of dexterity
HPRegen 0.29/turn    g - ring of the Firefly {Int+3 Dex+6}
MPRegen 0.12/turn

%: no passive effects
@: heroic, marked
A: sickness immunity, AC +6, negative energy resistance 1, electricity
resistance, torment resistance 1, petrification resistance
a: Renounce Religion, Heroism


You were on level 7 of the Dungeon.
You worshipped Okawaru.
Okawaru was aware of your devotion.
You visited 2 branches of the dungeon, and saw 8 of its levels.

You collected 339 gold pieces.
You spent 60 gold pieces at shops.


Innate Abilities, Weirdness & Mutations

You are immune to sickness and miasma.
Your stone body is resilient. (AC +6)
You are immune to poison.
You resist negative energy. (rN+)
You are resistant to electric shocks. (rElec)
You are resistant to unholy torment.
You are immune to petrification.


   Skills:
 + Level 6.2(11.2) Fighting
 - Level 10.0(15.0) Ranged Weapons
 - Level 3.1(8.1) Armour
 - Level 4.4(9.4) Dodging
 - Level 1.1(6.1) Stealth
 + Level 1.5 Invocations


You had 8 spell levels left.
You didn't know any spells.
Your spell library was empty.

Inventory:

Hand Weapons
 Y - a +0 orcbow (weapon)
Armour
 d - a +2 pair of gloves (worn)
 i - a +0 ring mail (worn)
 o - a +0 pair of boots (worn)
Jewellery
 f - a ring of resist corrosion
 g - the ring of the Firefly (right hand) {Int+3 Dex+6}
   (You found it on level 2 of the Dungeon)

   [ring of dexterity]

   Int:       It affects your intelligence (+3).
   Dex:       It affects your dexterity (+6).
 h - a +6 ring of dexterity (left hand)
Wands
 m - a wand of digging (9)
Scrolls
 a - 2 scrolls of teleportation
 b - 2 scrolls of identify
 l - a scroll of summoning {unknown}
 p - a scroll of torment {unknown}
Potions
 c - a potion of might
 e - a potion of curing
 j - 2 potions of heal wounds
 k - a potion of attraction
 n - a potion of berserk rage {unknown}

Dungeon Overview and Level Annotations

Branches:
Dungeon (7/15)             Temple (1/1) D:5

Altars:
Ashenzari
Cheibriados
Dithmenos
Elyvilon
Fedhas
Gozag
Hepliaklqana
Makhleb
Nemelex Xobeh
Okawaru
Qazlal
Ru
Sif Muna
Trog
Uskayaw
Vehumet
Wu Jian
Xom
Yredelemnul
Zin
The Shining One

Shops:
D:1 (   D:2 ?

Annotations:
D:4 Pikel


Message History

A sourceless malevolence fills the Dungeon...
With a horrendous wail, an alarm goes off!
A sentinel's mark forms upon you.
You hear a horrible gurgling sound!
You hear an angry buzzing noise. x3
You hear a shout!
You hear an angry hiss.
A red ugly thing comes into view.
Enter note:
Enter note:
5391 ||| FLEEEEING.
A killer bee comes into view.
You shoot an arrow. The arrow hits the red ugly thing!
The red ugly thing is lightly wounded.
A killer bee comes into view.
You shoot an arrow. The arrow hits the red ugly thing!
The red ugly thing is moderately wounded.
You shoot an arrow. The arrow hits the red ugly thing.
The red ugly thing is moderately wounded.
A killer bee comes into view.
The red ugly thing closely misses you.
You shoot an arrow.
The arrow barely misses the red ugly thing.
The killer bee misses you.
The red ugly thing claws you but does no damage.
You shoot an arrow. The arrow hits the red ugly thing!
The red ugly thing is heavily wounded.
The killer bee closely misses you.
The killer bee stings you but does no damage.
The killer bee stings you. The red ugly thing claws you!
You are engulfed in flames!
5397 ||| INVOKING Heroism.
You gain the combat prowess of a mighty hero.
The killer bee misses you. The killer bee closely misses you.
The red ugly thing claws you but does no damage.
The killer bee misses you. The killer bee closely misses you.
You shoot an arrow. The arrow hits the red ugly thing!
The red ugly thing is heavily wounded.
The killer bee stings you but does no damage.
The killer bee misses you. The red ugly thing claws you!
You are engulfed in flames!!
You die...

#..#..#.........# ##..##
..............#####..##
#....#..............####
.......................#
..##.........######..##..
#............######...###
###.......).))))[......
##.y###########.###.#
#yy@.....#####># #..
#.u#####....)..####. ##.#
######)..#... #.#
#.......)...## ...
..#####.#.#### #.#
#.#.#### ..# #.#...# ..
..###.## .## #..#


You could see a red ugly thing and 3 killer bees.

Vanquished Creatures
  A wyvern (D:7)
  Menkaure (D:4)
  A water moccasin (D:7)
  Duvessa (D:5)
  An ice beast (D:5)
  A black bear (D:6)
  A centaur (D:5)
  An ogre (D:4)
  A phantom (D:6)
  2 lemures
  A kobold brigand (D:5)
  A bullfrog (D:7)
  2 scorpions (D:5)
  Dowan (D:5)
  A howler monkey (D:4)
  4 hounds
  4 orc priests
  A gnoll bouda (D:7)
  A jelly (D:6)
  A sleepcap (D:5)
  Ijyb (D:3)
  Jessica (D:2)
  4 iguanas
  6 orc wizards
  Terence (D:3)
  19 gnolls
  9 adders
  A shadow imp (D:5)
  A worm (D:4)
  3 dart slugs
  23 orcs
  2 ball pythons
  9 endoplasms
  3 giant cockroaches
  3 hobgoblins
  6 jackals (D:2)
  6 quokkas
  4 bats
  4 frilled lizards (D:3)
  5 goblins
  7 kobolds
  8 rats
154 creatures vanquished.

Notes
Turn   | Place    | Note
-------+----------+-------------------------------------------
     0 | D:1      | qw the Gargoyle Hunter began the quest for the Orb.
     0 | D:1      | Reached XP level 1. HP: 12/12 MP: 1/1
     0 | D:1      | 0 ||| qw: Version: 0.2-a-123-gb51047a
     0 | D:1      | 0 ||| qw: Game counter: 3786
     0 | D:1      | 0 ||| qw: Always use a shield: true
     0 | D:1      | 0 ||| qw: God list: Okawaru
     0 | D:1      | 0 ||| qw: Allow faded altars: false
     0 | D:1      | 0 ||| qw: Do Orc after D:15 true
     0 | D:1      | 0 ||| qw: Do second Lair branch before Depths: true
     0 | D:1      | 0 ||| qw: Lair rune preference: random
     0 | D:1      | 0 ||| qw: Plans: Normal, Zot:1-4, Slime:5, God:TSO, Crypt,
                  | Tomb, Abyss, Pan, Hells, Win
     0 | D:1      | 0 ||| PLANNING D:1-11
    46 | D:1      | Reached XP level 2. HP: 17/17 MP: 2/2
   272 | D:1      | Found Ryssymp's Antique Weapon Emporium.
   283 | D:1      | Reached XP level 3. HP: 21/21 MP: 3/3
   283 | D:1      | 283 ||| READING scroll labelled GINTUMIAKK.
   485 | D:1      | 485 ||| UPGRADING to ring of resist corrosion.
   486 | D:1      | 486 ||| READING scroll labelled ESEXAT DAMU.
   487 | D:1      | 487 ||| READING 3 scrolls labelled SAODGH ZEEGO.
   488 | D:1      | 488 ||| READING scroll labelled UXATOE JAGYMIO.
   489 | D:1      | 489 ||| READING scroll labelled JUIHYP MEOXUSO.
   490 | D:1      | 490 ||| READING scroll labelled LINARGHELUMN.
   491 | D:1      | 491 ||| DROPPING scroll of butterflies.
   492 | D:1      | 492 ||| DROPPING 2 scrolls of immolation.
   509 | D:2      | Reached skill level 5 in Ranged Weapons
   510 | D:2      | 510 ||| STAIRDANCE
   520 | D:1      | Reached skill level 3 in Fighting
   596 | D:2      | Reached XP level 4. HP: 28/28 MP: 4/4
   683 | D:2      | Noticed Jessica
   688 | D:2      | Killed Jessica
   748 | D:2      | Found the macabre finger necklace {Finger+ rN+}
   752 | D:2      | Found Jaruntam's Magic Scroll Boutique.
   767 | D:2      | 767 ||| SHOPLISTING 2 scrolls of enchant weapon (180 gold,
                  | have 72).
   767 | D:2      | 767 ||| SHOPLISTING scroll of enchant weapon (90 gold, have
                  | 72).
   767 | D:2      | 767 ||| BUYING scroll of identify (24 gold).
   767 | D:2      | Bought a scroll of identify for 24 gold pieces
   767 | D:2      | 767 ||| BUYING scroll of teleportation (36 gold).
   767 | D:2      | Bought a scroll of teleportation for 36 gold pieces
   767 | D:2      | 767 ||| SHOPLISTING scroll of teleportation (36 gold, have
                  | 12).
   832 | D:2      | Identified the ring of the Firefly {Int+3 Dex+6}
   851 | D:2      | Reached XP level 5. HP: 32/32 MP: 5/5
   882 | D:2      | Reached skill level 6 in Ranged Weapons
  1089 | D:2      | 1089 ||| DROPPING amulet of magic regeneration.
  1090 | D:2      | 1090 ||| DROPPING ring of fire.
  1091 | D:2      | 1091 ||| UPGRADING to ring of the Firefly {Int+3 Dex+6}.
  1092 | D:2      | 1092 ||| UPGRADING to +6 ring of dexterity.
  1094 | D:2      | 1094 ||| READING scroll labelled QYPSIUNONU.
  1095 | D:2      | 1095 ||| READING scroll labelled WEATIH XIUTROI.
  1096 | D:2      | 1096 ||| READING scroll labelled CIOQIR UQOPUCK.
  1197 | D:2      | 1197 ||| READING 2 scrolls of identify.
  1197 | D:2      | 1197 ||| IDENTIFYING fizzy coppery potion
  1198 | D:2      | 1198 ||| DROPPING potion of degeneration.
  1569 | D:3      | Noticed Terence
  1576 | D:3      | Killed Terence
  1620 | D:3      | Noticed Ijyb
  1628 | D:3      | Killed Ijyb
  1777 | D:3      | 1777 ||| UPGRADING to +2 pair of gloves.
  1782 | D:3      | 1782 ||| UPGRADING to +0 ring mail.
  1792 | D:3      | 1792 ||| DROPPING +0 leather armour.
  1793 | D:3      | 1793 ||| UPGRADING to +0 pair of boots.
  1798 | D:3      | 1798 ||| DROPPING ring of protection from cold.
  1799 | D:3      | 1799 ||| READING 4 scrolls of identify.
  1799 | D:3      | 1799 ||| IDENTIFYING orange potion
  1800 | D:3      | 1800 ||| READING 3 scrolls of identify.
  1800 | D:3      | 1800 ||| IDENTIFYING dark potion
  1801 | D:3      | 1801 ||| READING 2 scrolls of identify.
  1801 | D:3      | 1801 ||| IDENTIFYING bubbling inky potion
  1802 | D:3      | 1802 ||| DROPPING potion of enlightenment.
  1823 | D:4      | Reached skill level 1 in Armour
  1823 | D:4      | Reached XP level 6. HP: 38/38 MP: 6/6
  1873 | D:4      | Found a hide-covered altar of Uskayaw.
  1874 | D:4      | Noticed a +0 dagger
  1874 | D:4      | Noticed a +0 hand axe
  2327 | D:4      | Reached skill level 7 in Ranged Weapons
  2636 | D:4      | 2636 ||| READING 2 scrolls of identify.
  2636 | D:4      | 2636 ||| IDENTIFYING fuming ruby potion
  2637 | D:4      | 2637 ||| DROPPING potion of ambrosia.
  2707 | D:5      | Entered Level 5 of the Dungeon
  2707 | D:5      | Noticed Pikel
  2713 | D:5      | Noticed Menkaure
  2717 | D:5      | 2717 ||| STAIRDANCE
  2721 | D:4      | HP: 6/38 [lemure[Pikel] (5)]
  2722 | D:4      | 2722 ||| READING 4 scrolls of teleportation.
  2722 | D:4      | HP: 2/38 [Pikel/+0 whip of freezing (4)]
  2879 | D:5      | Reached XP level 7. HP: 38/43 MP: 7/7
  2879 | D:5      | 2879 ||| STAIRDANCE
  3012 | D:5      | 3012 ||| STAIRDANCE
  3148 | D:5      | 3148 ||| STAIRDANCE
  3151 | D:4      | Killed Menkaure
  3247 | D:5      | Reached skill level 8 in Ranged Weapons
  3275 | D:5      | 3275 ||| DRINKING potion of curing.
  3275 | D:5      | 3275 ||| (to cure confusion)
  3342 | D:5      | Reached XP level 8. HP: 24/50 MP: 8/8
  3446 | D:5      | 3446 ||| SWAPPING to +0 orcbow.
  3447 | D:5      | 3447 ||| DROPPING +0 shortbow of draining.
  3483 | D:5      | Reached skill level 3 in Dodging
  3534 | D:5      | Identified the +0 sling of Valiance {freeze, rN+ SInv}
  3560 | D:5      | Found a staircase to the Ecumenical Temple.
  3561 | D:5      | 3561 ||| PLANNING TEMPLE
  3569 | Temple   | Entered the Ecumenical Temple
  3802 | Temple   | 3802 ||| PLANNING OKAWARU WORSHIP
  3995 | Temple   | Became a worshipper of Warmaster Okawaru
  3995 | Temple   | 3995 ||| PLANNING D:1-11
  4188 | D:5      | Noticed Dowan
  4190 | D:5      | Noticed Duvessa
  4193 | D:5      | Killed Dowan
  4202 | D:5      | HP: 2/50 [Duvessa/+0 short sword (12)]
  4203 | D:5      | 4203 ||| READING 3 scrolls of teleportation.
  4204 | D:5      | Killed Duvessa
  4205 | D:5      | Reached skill level 9 in Ranged Weapons
  4548 | D:5      | 4548 ||| READING scroll labelled HOSYIM HOORUUT.
  4549 | D:5      | 4549 ||| READING 2 scrolls of identify.
  4549 | D:5      | 4549 ||| IDENTIFYING clear potion
  4713 | D:6      | Reached skill level 6 in Fighting
  4892 | D:6      | Reached XP level 9. HP: 48/55 MP: 9/9
  4966 | D:6      | Reached skill level 10 in Ranged Weapons
  4972 | D:6      | 4972 ||| Stepping ~*~*~tactically~*~*~ (outnumbered).
  4977 | D:6      | Reached * piety under Okawaru
  4978 | D:6      | Reached skill level 3 in Armour
  5171 | D:6      | 5171 ||| READING 2 scrolls of identify.
  5171 | D:6      | 5171 ||| IDENTIFYING sapphire potion
  5268 | D:7      | 5268 ||| INVOKING Heroism.
  5366 | D:7      | Reached skill level 1 in Invocations
  5390 | D:7      | Noticed a red ugly thing
  5391 | D:7      | 5391 ||| FLEEEEING.
  5397 | D:7      | 5397 ||| INVOKING Heroism.
  5398 | D:7      | Slain by a red ugly thing

Levels and vault maps discovered:
D:1:      dpeg_arrival_houses_and_road, layout_rooms, serial_shops, shop
D:2:      layout_basic, serial_shops, nicolae_shop_window_shopping,
          minmay_pentomino_v2, uniq_jessica
D:3:      layout_basic, uniq_ijyb, uniq_terence
D:4:      layout_basic, dancing_weapons_uskayaw, serial_forest,
          infiniplex_forest_lined_3_way, infiniplex_forest_clump_curved,
          infiniplex_forest_clump_double, infiniplex_forest_end_2,
          infiniplex_forest_lined_2, infiniplex_forest_lined_room_2,
          infiniplex_forest_lined_3
D:5:      layout_cave_pools, minmay_temple_entry_statues_pillars, uniq_pikel,
          uniq_menkaure, uniq_duvessa
D:6:      layout_loops_ring
D:7:      layout_rooms, uniq_crazy_yiuf_cottage, uniq_joseph
Temple:   mainiacjoe_temple_big_plus

Skill      XL: |  1  2  3  4  5  6  7  8  9 |
---------------+----------------------------+-----
Ranged Weapons | 5 6 7 8 9 10 | 10.0
Fighting       | 3 4 5 6 |  6.2
Dodging        | 2 3 4 |  4.4
Armour         | 1 2 3 |  3.1
Invocations    | 1 |  1.5
Stealth        | |  1.1

Action                     |  1- 3 |  4- 6 |  7- 9 || total
---------------------------+-------+-------+-------++-------
   Fire: Shortbow          |    72 |   180 |   104 ||   356
         Orcbow            |       |       |   165 ||   165
 Invoke: Heroism           |       |       |     2 ||     2
    Use: Scroll            |     6 |     9 |     4 ||    19
         Potion            |       |       |     1 ||     1
 Armour: Leather armour    |    17 |    15 |       ||    32
         Ring mail         |       |    34 |    67 ||   101
  Dodge: Dodged            |    21 |    56 |   106 ||   183

Table legend:
 A = Non-vault XP
 B = Vault XP
 C = Vault XP percentage of total XP
 D = Non-vault monster count
 E = Vault monster count
 F = Vault count percentage of total count
                 A         B        C        D         E       F
            +---------+---------+-------+---------+---------+-------
      Total |    2729 |     479 |  14.9 |     145 |       7 |   4.6
            +---------+---------+-------+---------+---------+-------
        D:1 |      66 |       0 |   0.0 |      24 |       0 |   0.0
        D:2 |      85 |      38 |  30.9 |      18 |       2 |  10.0
        D:3 |      45 |      70 |  60.9 |      15 |       2 |  11.8
        D:4 |     408 |     169 |  29.3 |      31 |       1 |   3.1
        D:5 |     822 |     202 |  19.7 |      25 |       2 |   7.4
        D:6 |     604 |       0 |   0.0 |      16 |       0 |   0.0
        D:7 |     699 |       0 |   0.0 |      16 |       0 |   0.0
            +---------+---------+-------+---------+---------+-------
